 Dungeon Crawl Stone Soup version 0.26.0-8-g74fc34ddfb (webtiles) character file.

Game seed: 2793511805743395904

11025 shakesphere1979 the Protected (level 11, 0/102 HPs)
             Began as a Minotaur Fighter on Jan 12, 2021.
             Was a High Priest of Okawaru.
             Killed by drain life
             ... invoked by a soul eater
             ... summoned by a kobold demonologist
              (9 damage)
             ... on level 11 of the Dungeon on Jan 13, 2021.
             The game lasted 00:33:31 (11521 turns).

shakesphere1979 the Protected (Minotaur Fighter)   Turns: 11521, Time: 00:33:32

Health: 0/102      AC: 20    Str: 23    XL:     11   Next: 43%
Magic:  14/15      EV: 18    Int:  5    God:    Okawaru [*****.]
Gold:   1655       SH:  7    Dex: 16    Spells: 10/10 levels left

rFire    . . .     SeeInvis +   b - +5 flail
rCold    + . .     Faith    .   W - +0 buckler of Ipenugocw {rPois Dex+5}
rNeg     . . .     Spirit   .   M - +4 scale mail {rC+}
rPois    +         Reflect  .   V - +2 hat
rElec    .         Harm     .   (no cloak)
rCorr    .         Rampage  .   z - +1 pair of gloves
Will     .....                  p - +0 pair of boots
Stlth    ++........             (no amulet)
HPRegen  0.27/turn              o - ring of see invisible
MPRegen  0.14/turn              t - ring of wizardry

@: heroism
A: retaliatory headbutt, horns 2
a: Renounce Religion, Heroism, Finesse


You were on level 11 of the Dungeon.
You worshipped Okawaru.
Okawaru was extremely pleased with you.
You visited 1 branch of the dungeon, and saw 11 of its levels.

You collected 1655 gold pieces.

Inventory:

Hand Weapons
 b - a +5 flail (weapon)
 n - a +0 hunting sling
 E - a +1 flail of holy wrath
Missiles
 h - 254 stones (quivered)
 k - 27 sling bullets
 l - 290 arrows
 G - 2 curare-tipped darts
 H - 60 bolts
 I - 24 poisoned darts
 Q - a throwing net
Armour
 p - a +0 pair of boots (worn)
 z - a +1 pair of gloves (worn)
 M - a +4 scale mail of cold resistance (worn)
 V - a +2 hat (worn)
 W - the +0 buckler of Ipenugocw (worn) {rPois Dex+5}
   (Okawaru gifted it to you on level 9 of the Dungeon)

   It affects your dexterity (+5).
   It protects you from poison.
Jewellery
 a - an uncursed amulet of magic regeneration {unknown}
 o - a ring of see invisible (left hand)
 t - a ring of wizardry (right hand)
Wands
 w - a wand of flame (44)
Scrolls
 c - a scroll of silence
 f - 4 scrolls of immolation
 i - 7 scrolls of teleportation
 j - 3 scrolls of magic mapping
 m - 3 scrolls of enchant armour
 q - 10 scrolls of fear
 s - 3 scrolls of identify
 v - 4 scrolls of remove curse
 x - 6 scrolls of blinking
 y - a scroll of brand weapon
 D - a scroll of enchant weapon
 N - a scroll of acquirement
 S - a scroll of fog {unknown}
 U - a scroll of summoning
Potions
 d - a potion of might
 e - 9 potions of curing
 g - a potion of magic
 r - 2 potions of flight
 u - a potion of heal wounds
 A - a potion of cancellation {unknown}
 C - a potion of invisibility {unknown}
 F - a potion of berserk rage {unknown}
 J - 2 potions of resistance
 K - 4 potions of lignification
 O - a potion of attraction {unknown}
 R - a potion of haste {unknown}
 T - a potion of brilliance {unknown}


   Skills:
 + Level 11.0(16.0) Fighting
 - Level 2.4(7.4) Axes
 - Level 5.0(10.0) Throwing
 - Level 11.0(16.0) Armour
 - Level 7.0(12.0) Dodging
 - Level 7.0(12.0) Shields
 + Level 7.4 Invocations
 - Level 5.0 Evocations


You had 10 spell levels left.
You didn't know any spells.
Your spell library contained the following spells:

 Spells                   Type           Power        Failure   Level
 Corona                   Hex            0%           36%         1
 Magic Dart               Conj           0%           36%         1
 Summon Small Mammal      Summ           0%           36%         1
 Call Imp                 Summ           0%           50%         2
 Searing Ray              Conj           0%           50%         2
 Slow                     Hex            0%           50%         2
 Call Canine Familiar     Summ           0%           71%         3
 Dazzling Flash           Conj/Hex       0%           71%         3
 Inner Flame              Hex/Fire       0%           71%         3
 Portal Projectile        Hex/Tloc       0%           71%         3
 Summon Guardian Golem    Hex/Summ       0%           71%         3
 Cause Fear               Hex            0%           98%         4
 Fulminant Prism          Conj/Hex       0%           98%         4
 Iskenderun's Mystic Bla  Conj/Tloc      0%           98%         4
 Leda's Liquefaction      Hex/Erth       0%           98%         4
 Summon Ice Beast         Ice/Summ       0%           98%         4
 Summon Lightning Spire   Summ/Air       0%           98%         4


Dungeon Overview and Level Annotations

Branches:
Dungeon (11/15)            Temple (0/1) D:5            Lair (0/6) D:11
    Orc: D:9-12

Altars:
Ashenzari
Cheibriados
Dithmenos
Elyvilon
Fedhas
Gozag
Hepliaklqana
Nemelex Xobeh
Okawaru
Sif Muna
Trog
Wu Jian
Zin

Shops:
D:6 *   D:9 (

Annotations:
D:2 exclusion: 2 goblins
D:8 1 runed translucent door, Zonian's ghost, novice BaIE


Innate Abilities, Weirdness & Mutations

You reflexively headbutt those who attack you in melee.
You have a pair of horns on your head.


Message History

You kill the purple ugly thing!
Okawaru is honoured by your kill. The soul eater barely misses you.
The kobold demonologist casts a spell.
Your base Fighting skill increases to level 11!
You hit the soul eater but do no damage.
The soul eater hits you but does no damage.
You block the ynoxinul's attack.
You sock the soul eater!
The soul eater is lightly wounded.
The soul eater hits you but does no damage.
The ynoxinul gestures.
You sock the soul eater!
You headbutt the soul eater, but do no damage.
The soul eater is moderately wounded.
The soul eater draws from the surrounding life force!
* * * LOW HITPOINT WARNING * * *
The soul eater is healed.
You block the ynoxinul's attack.
The soul eater draws from the surrounding life force!
You die...

########## ##
#........# ...
#...).<..### ....
#....)...'.### Z5...
#........#...####KKo...
#........###.3@3KKKo...
#.......># ######K55...
#........####### 55...
#............... ####
####.....###....
##.#...≈...#)
##..#...#..# #.##PPP#
#..


PPP.. You could see a soul eater (summoned), 2 kobold demonologists, a ynoxinul
(summoned), an orc warrior, 3 big kobolds, 2 iron imps, an orc wizard (fast,
invisible), a white imp (summoned), an ufetubus (summoned) and a kobold.

Vanquished Creatures
  Gastronok (D:9)
  2 two-headed ogres
  Pikel (D:5)
  A deep elf mage (D:10)
  2 ugly things
  Psyche (D:9)
  Prince Ribbit (D:9)
  Grinder (D:6)
  11 yaks
  A wraith (D:10)
  A wyvern (D:8)
  A steam dragon (D:7)
  Duvessa (D:6)
  A black bear (D:10)
  2 ice beasts
  An orc warrior (D:10)
  7 ogres
  A phantom (D:9)
  3 centaurs
  5 bullfrogs
  A gnoll sergeant (D:10)
  5 scorpions
  Dowan (D:6)
  9 wights
  A howler monkey (D:4)
  2 jellies
  2 hounds
  A bullfrog skeleton (D:5)
  An orc priest (D:10)
  2 centaur skeletons
  5 orc wizards
  A gnoll shaman (D:8)
  Terence (D:1)
  7 worker ants
  Natasha (thrice) (D:3)
  5 iguanas
  A hound skeleton (D:7)
  A worker ant zombie (D:10)
  A howler monkey zombie (D:7)
  12 gnolls
  11 adders
  2 white imps
  An ufetubus (D:5)
  2 oozes
  An adder skeleton (D:4)
  2 worms
  A dart slug (D:2)
  4 leopard geckos
  28 orcs
  5 ball pythons
  5 bats
  5 giant cockroaches
  11 goblins
  10 hobgoblins
  10 jackals
  4 quokkas
  7 frilled lizards
  7 kobolds
  A quokka skeleton (D:5)
  A quokka zombie (D:7)
  10 rats
235 creatures vanquished.

Vanquished Creatures (others)
  3 plants (D:8)
3 creatures vanquished.

Grand Total: 238 creatures vanquished

Notes
Turn   | Place    | Note
-------+----------+-------------------------------------------
     0 | D:1      | shakesphere1979 the Minotaur Fighter began the quest for
                  | the Orb.
     0 | D:1      | Reached XP level 1. HP: 19/19 MP: 0/0
   190 | D:1      | Reached XP level 2. HP: 27/27 MP: 1/1
   197 | D:1      | Reached skill level 1 in Dodging
   731 | D:2      | Found a bloodstained altar of Trog.
   751 | D:2      | Noticed Terence
   770 | D:1      | Reached XP level 3. HP: 31/33 MP: 2/2
   772 | D:1      | Killed Terence
   826 | D:2      | Reached XP level 4. HP: 37/41 MP: 3/3
  1210 | D:2      | Found an iron altar of Okawaru.
  1236 | D:2      | Became a worshipper of Warmaster Okawaru
  1446 | D:3      | Noticed Natasha
  1454 | D:3      | Killed Natasha
  1455 | D:3      | Reached skill level 5 in Armour
  1455 | D:3      | Reached XP level 5. HP: 40/47 MP: 4/4
  1530 | D:3      | Reached skill level 5 in Fighting
  1941 | D:3      | Noticed Natasha
  1948 | D:3      | Killed Natasha
  2330 | D:3      | Noticed Natasha
  2340 | D:3      | Killed Natasha
  2485 | D:4      | Found a snail-covered altar of Cheibriados.
  2545 | D:4      | Reached XP level 6. HP: 50/56 MP: 5/5
  3428 | D:4      | Reached * piety under Okawaru
  3544 | D:5      | Entered Level 5 of the Dungeon
  3608 | D:5      | Reached skill level 1 in Invocations
  3608 | D:5      | Reached XP level 7. HP: 57/63 MP: 6/6
  4181 | D:5      | Found a broken altar of Ashenzari.
  4239 | D:5      | Reached skill level 5 in Dodging
  4562 | D:5      | Found a staircase to the Ecumenical Temple.
  4664 | D:6      | Found Yceduaca's Assorted Antiques.
  4664 | D:6      | Noticed Pikel
  4664 | D:6      | Noticed Grinder
  4891 | D:5      | Killed Pikel
  4891 | D:5      | Reached ** piety under Okawaru
  4892 | D:5      | Reached XP level 8. HP: 62/74 MP: 7/9
  4992 | D:6      | Paralysed by Grinder for 6 turns
  5001 | D:6      | Killed Grinder
  5247 | D:6      | Noticed Dowan
  5248 | D:6      | Noticed Duvessa
  5259 | D:6      | Killed Dowan
  5265 | D:6      | Killed Duvessa
  5563 | D:6      | Reached *** piety under Okawaru
  5654 | D:6      | Reached skill level 5 in Invocations
  5695 | D:6      | Found a glowing silver altar of Zin.
  6086 | D:7      | Reached XP level 9. HP: 82/82 MP: 11/11
  6445 | D:7      | Reached skill level 1 in Evocations
  7096 | D:8      | Reached skill level 5 in Shields
  7183 | D:8      | Noticed a two-headed ogre
  7197 | D:8      | Killed a two-headed ogre
  7197 | D:8      | Reached **** piety under Okawaru
  7198 | D:8      | Reached skill level 10 in Armour
  7711 | D:8      | Found a runed translucent door.
  7712 | D:8      | Noticed Zonian's ghost (novice BaIE)
  7713 | D:8      | Identified the cursed +1 trident of the Destroying Ass
                  | {vorpal, rC+}
  7714 | D:8      | Noticed a polar bear
  8083 | D:9      | Reached XP level 10. HP: 87/91 MP: 12/12
  8107 | D:9      | Found a shimmering blue altar of Sif Muna.
  8107 | D:9      | Found an ornate altar of the Wu Jian Council.
  8107 | D:9      | Found a shadowy altar of Dithmenos.
  8107 | D:9      | Found a blossoming altar of Fedhas.
  8125 | D:9      | Found a hazy altar of Hepliaklqana.
  8125 | D:9      | Found an opulent altar of Gozag.
  8158 | D:9      | Found a white marble altar of Elyvilon.
  8166 | D:9      | Found a sparkling altar of Nemelex Xobeh.
  8294 | D:9      | Noticed Prince Ribbit
  8301 | D:9      | Killed Prince Ribbit
  8830 | D:9      | Reached ***** piety under Okawaru
  8844 | D:9      | Reached skill level 5 in Evocations
  8852 | D:9      | Received a gift from Okawaru
  8853 | D:9      | Reached skill level 1 in Throwing
  9225 | D:9      | Noticed Gastronok
  9242 | D:9      | Killed Gastronok
  9242 | D:9      | Received a gift from Okawaru
  9450 | D:9      | Got a faintly glowing buckler {god gift}
  9468 | D:9      | Identified the +0 buckler of Ipenugocw {rPois Dex+5}
                  | (Okawaru gifted it to you on level 9 of the Dungeon)
  9491 | D:9      | Found Userin's Weapon Boutique.
  9546 | D:9      | Noticed Psyche
  9558 | D:9      | Killed Psyche
  9559 | D:9      | Reached skill level 10 in Fighting
  9559 | D:9      | Reached XP level 11. HP: 94/99 MP: 14/14
  9980 | D:10     | Entered Level 10 of the Dungeon
 10005 | D:10     | Noticed a deep elf mage
 10022 | D:10     | Killed a deep elf mage
 10086 | D:10     | Identified 2 scrolls of acquirement
 10086 | D:10     | Acquired 998 gold pieces
 10165 | D:10     | Noticed a two-headed ogre
 10174 | D:10     | Killed a two-headed ogre
 10995 | D:11     | Noticed a red ugly thing
 11015 | D:10     | Killed a red ugly thing
 11469 | D:11     | Reached skill level 5 in Throwing
 11481 | D:11     | Found a staircase to the Lair.
 11501 | D:11     | Noticed a purple ugly thing
 11506 | D:11     | Noticed a soul eater
 11518 | D:11     | Killed a purple ugly thing
 11521 | D:11     | Killed from afar by a soul eater

Illustrated notes

Levels and vault maps discovered:
D:1:      scummos_arrival_checkerplants, layout_loops_ring,
          minmay_split_cup_large
D:2:      layout_rooms, bloody_trog, kennysheep_okawaru_gauntlet, uniq_terence
D:3:      layout_basic, minmay_misc_feat_nine_boxes, minmay_misc_feat_square,
          uniq_natasha
D:4:      layout_loops_ring, cheibriados_altar_1, chequers_decorated_corner,
          minmay_joined_circles
D:5:      layout_basic, minmay_temple_entry_glassed_door, ashenzari_altar_1
D:6:      layout_gridville, nicolae_overflow_crystal_walls, serial_shops, shop,
          uniq_pikel, uniq_grinder, uniq_duvessa
D:7:      layout_loops_ring
D:8:      layout_basic, ebering_ghost_funeral_grove
D:9:      layout_basic, nemelex_xobeh_ov_fountains_minmay, elyvilon_altar_4,
          minmay_overflow_temple_hex, serial_shops, nicolae_shop_statue_plus,
          uniq_psyche, uniq_prince_ribbit1, uniq_gastronok
D:10:     layout_loops_ring, minmay_librarian
D:11:     layout_roguey, dpeg_oklobed_lair, orc_0_dummy, enter_bailey_3,
          minmay_bent

Skill      XL: |  1  2  3  4  5  6  7  8  9 10 11 |
---------------+----------------------------------+-----
Dodging        | 1 2 3 4 5 6 7 |  7.0
Armour         | 4 5 6 7 8 10 11 | 11.0
Fighting       | 4 5 6 7 8 9 10 11 | 11.0
Invocations    | 1 3 5 6 7 |  7.4
Shields        | 6 7 |  7.0
Evocations     | 3 5 |  5.0
Throwing       | 3 5 |  5.0
Axes           | |  2.4

Action                   |  1- 3 |  4- 6 |  7- 9 | 10-12 || total
-------------------------+-------+-------+-------+-------++-------
Melee: War axe           |    65 |   133 |       |       ||   198
       Headbutt          |     9 |    30 |    59 |    58 ||   156
       Broad axe         |       |    41 |       |       ||    41
       Flail             |       |     8 |   243 |   223 ||   474
Throw: Throwing net      |       |     1 |       |       ||     1
Invok: Heroism           |       |       |     3 |     3 ||     6
  Use: Scroll            |       |     9 |       |     9 ||    18
       Potion            |       |       |     1 |     2 ||     3
 Stab: Invisible         |       |       |       |     1 ||     1
Armor: Scale mail        |    34 |    75 |   108 |    94 ||   311
Dodge: Dodged            |    28 |    70 |   118 |   139 ||   355
Block: Kite shield       |    48 |    89 |   120 |    49 ||   306
       Buckler           |       |       |       |    44 ||    44
